 Dungeon Crawl Stone Soup version 0.29.1-1-gd02db6906a (webtiles) character file.

Game seed: 11105187939186465194

21697 funnyparkerb the Warrior (level 12, -5/144 HPs)
             Began as a Merfolk Monk on Oct 20, 2022.
             Was the Champion of Jiyva.
             Slain by a ten-headed hydra (12 damage)
             ... on level 3 of the Lair of Beasts.
             The game lasted 00:20:42 (12138 turns).

funnyparkerb the Warrior (Merfolk Monk)            Turns: 12138, Time: 00:20:42

Health: -5/144     AC: 11    Str: 11    XL:     12   Next: 92%
Magic:  5/12       EV: 17    Int: 15    God:    Jiyva [******]
Gold:   585        SH:  0    Dex: 22    Spells: 11/11 levels left

rFire   . . .      SeeInvis .   a - +1 scimitar
rCold   . . .      Faith    .   (no shield)
rNeg    . . .      Spirit   .   s - +0 ring mail
rPois   +          Reflect  .   n - +0 helmet
rElec   .          Harm     .   t - +2 cloak
rCorr   +          Rampage  .   (no gloves)
Will    +....                   v - +0 pair of boots
Stlth   +++.......              q - amulet of regeneration
HPRegen 2.74/turn               Q - ring of willpower
MPRegen 0.63/turn               I - +6 ring of intelligence

@: attractive
A: (nimble swimmer 2), mertail, claws 2, sense surroundings 2, poison
resistance, robust 3, translucent skin 2, jelly sensing items, MP-powered wands
a: Renounce Religion, Oozemancy, Slimify


You were on level 3 of the Lair of Beasts.
You worshipped Jiyva.
Jiyva was exalted by your worship.
You visited 3 branches of the dungeon, and saw 15 of its levels.

You collected 585 gold pieces.

Inventory:

Hand Weapons
 a - a +1 scimitar (weapon)
Missiles
 r - 4 curare-tipped darts (quivered)
Armour
 n - a +0 helmet (worn)
 s - a +0 ring mail (worn)
 t - a +2 cloak (worn)
 v - a +0 pair of boots (worn)
 A - a scarf of resistance
 B - a +0 pair of gloves
Jewellery
 q - an amulet of regeneration (around neck)
 w - a ring of fire
 I - a +6 ring of intelligence (right claw)
 J - an amulet of the acrobat
 Q - a ring of willpower (left claw)
Wands
 i - a wand of flame (17)
 C - a wand of polymorph (2)
 F - a wand of iceblast (4)
 K - a wand of paralysis (4)
 L - a wand of acid (4)
Scrolls
 b - 4 scrolls of magic mapping {unknown}
 d - 2 scrolls of poison {unknown}
 e - 9 scrolls of identify {unknown}
 f - 7 scrolls of noise {unknown}
 g - 6 scrolls of teleportation {unknown}
 k - 2 scrolls of brand weapon {unknown}
 m - 5 scrolls of vulnerability {unknown}
 p - 3 scrolls of enchant armour {unknown}
 x - 2 scrolls of immolation {unknown}
 y - 2 scrolls of silence {unknown}
 D - a scroll of torment {unknown}
 H - a scroll of enchant weapon {unknown}
 M - 2 scrolls of butterflies {unknown}
 P - a scroll of amnesia {unknown}
 R - a scroll of fear {unknown}
Potions
 c - 2 potions of ambrosia
 h - a potion of mutation
 j - a potion of lignification {unknown}
 l - a potion of brilliance {unknown}
 o - 2 potions of berserk rage {unknown}
 u - 5 potions of might
 z - 3 potions of attraction
 E - a potion of magic {unknown}
 G - a potion of haste
 N - a potion of resistance {unknown}
 O - a potion of heal wounds {unknown}


   Skills:
 - Level 16.2 Fighting
 - Level 14.0 Long Blades
 - Level 5.0 Armour
 + Level 10.8 Dodging
 - Level 2.1 Stealth


You had 11 spell levels left.
You didn't know any spells.
Your spell library contained the following spells:

 Spells                   Type           Power      Damage    Failure   Level
 Shock                    Conj/Air       0%         1d3       52%         1
 Sting                    Tmut/Pois      0%         1d3       52%         1
 Poisonous Vapours        Pois/Air       0%         N/A       65%         2
 Swiftness                Air            0%         N/A       87%         3
 Airstrike                Air            0%         2d(0-16)  99%         4
 Olgreb's Toxic Radiance  Pois           0%         N/A       99%         4


Dungeon Overview and Level Annotations

Branches:
Dungeon (11/15)            Temple (1/1) D:5            Lair (3/5) D:9
  Snake (0/4) Lair:2          Orc (0/2) D:9
  Swamp: Lair:2-3    Shoals: Lair:2-3

Altars:
Ashenzari
Cheibriados
Dithmenos
Elyvilon
Fedhas
Gozag
Hepliaklqana
Kikubaaqudgha
Makhleb
Nemelex Xobeh
Okawaru
Qazlal
Ru
Sif Muna
Trog
Uskayaw
Vehumet
Wu Jian
Xom
Yredelemnul
Zin
The Shining One
Jiyva


Innate Abilities, Weirdness & Mutations

((You are very nimble when in or above water. (Stealth+, EV+, Speed+++)))
Your lower body shifts to a powerful aquatic tail in water.
You have very sharp fingernails.
You passively map the area around you.
Your system is resistant to poisons. (rPois)
You are extremely robust. (+30% HP)
Your translucent skin reduces your foes' accuracy. (Stealth+)
You have a small jelly attached to you that senses nearby items.
You expend magic power (3 MP) to strengthen your wands.


Message History

Press: ? - help, Shift-Dir - straight line, f/p - ten-headed hydra
Aim: a ten-headed hydra (moderately wounded, will become an emperor scorpion, a spark wasp, or a ghost moth, chance to affect: 20%)
You feel a surge of power!
The ten-headed hydra resists with almost no effort.
The ten-headed hydra bites you. The ten-headed hydra bites you!
* * * LOW HITPOINT WARNING * * *
The ten-headed hydra closely misses you.
The ten-headed hydra completely misses you.
The ten-headed hydra misses you.
The ten-headed hydra completely misses you.
The ten-headed hydra misses you. The ten-headed hydra barely misses you.
The ten-headed hydra bites you!
* * * LOW HITPOINT WARNING * * *
The ten-headed hydra bites you!
* * * LOW HITPOINT WARNING * * *
Aiming: Polymorph
Press: ? - help, Shift-Dir - straight line, f/p - ten-headed hydra
Aim: a ten-headed hydra (lightly wounded, will become an emperor scorpion, a spark wasp, or a ghost moth, chance to affect: 20%)
You feel a surge of power!
The ten-headed hydra resists with almost no effort.
The ten-headed hydra misses you. x2; The ten-headed hydra bites you.
* * * LOW HITPOINT WARNING * * *
The ten-headed hydra bites you but does no damage.
The ten-headed hydra completely misses you.
The ten-headed hydra bites you!
* * * LOW HITPOINT WARNING * * *
The ten-headed hydra misses you.
The ten-headed hydra bites you but does no damage.
The ten-headed hydra misses you. x2
It was a potion of attraction.
You feel attractive to monsters.
The ten-headed hydra closely misses you. x2
The ten-headed hydra bites you!
* * * LOW HITPOINT WARNING * * *
The ten-headed hydra bites you but does no damage.
The ten-headed hydra closely misses you.
The ten-headed hydra bites you but does no damage.
The ten-headed hydra closely misses you.
The ten-headed hydra barely misses you. The ten-headed hydra bites you!
You die...

..#..P##.# #.####..###
###...#### ##.....##
###....#### #..######
#.......#.# ##'.####.###
..+....#..####..........##
###....##..>.+......>...P#
##.....+..#.P...........##
##....#...###...........#
#.....##### #..@.......##
###+.## ####D.+.##.# *..#*
##.##..## # ,, #......#
,,, #....#.# * #........#*
* #....!....# #........##
, ..........#


You could see a ten-headed hydra.

Vanquished Creatures
  2 two-headed ogres (D:8)
  A tengu warrior (D:10)
  A necromancer (Lair:3)
  2 wolf spiders (Lair:1)
  4 elephants (Lair:3)
  6 gargoyles
  2 black mambas (Lair:1)
  A rime drake (Lair:3)
  3 cane toads
  4 komodo dragons
  A tengu conjurer (D:10)
  A troll (D:10)
  Grinder (D:5)
  3 hornets
  Prince Ribbit (D:6)
  Sigmund (D:6)
  2 shadows
  38 yaks
  A wyvern (D:10)
  Eustachio (D:6)
  4 vampire mosquitoes (D:11)
  4 basilisks
  A steam dragon (D:8)
  2 nagas (Lair:2)
  7 water moccasins
  Duvessa (D:6)
  2 ice beasts
  A black bear (Lair:3)
  An ogre (D:6)
  4 centaurs
  A phantom (D:5)
  7 bullfrogs
  A gnoll sergeant (D:8)
  3 necrophages
  A scorpion (D:4)
  5 wights (D:8)
  Dowan (D:6)
  9 killer bees
  3 howler monkeys
  A crimson imp (D:3)
  3 hounds
  3 jellies
  3 orc priests
  Crazy Yiuf (D:4)
  2 iguanas
  5 orc wizards
  2 polar bear simulacra (Lair:3)
  3 yak simulacra (Lair:3)
  3 wolf simulacra (Lair:3)
  10 gnolls
  21 adders
  A shadow imp (D:6)
  A white imp (D:8)
  An ufetubus (D:2)
  2 dart slugs
  28 orcs
  12 endoplasms
  6 giant cockroaches
  5 goblins
  4 hobgoblins
  4 jackals (D:4)
  9 kobolds
  5 quokkas
  7 ball pythons
  2 bats
  2 frilled lizards
  3 goblin skeletons (D:4)
  2 goblin zombies (D:4)
  A hobgoblin zombie (D:4)
  An orc skeleton (D:4)
  A quokka zombie (D:3)
  7 rats
  3 river rat simulacra (Lair:3)
298 creatures vanquished.

Vanquished Creatures (others)
  An orc warrior (D:9)
  A kobold brigand (D:8)
  3 bullfrogs
  A howler monkey (D:8)
  20 jellies
  2 kobolds (D:8)
  19 fungi
  74 plants
  A withered plant (D:3)
122 creatures vanquished.

Grand Total: 420 creatures vanquished

Notes
Turn   | Place    | Note
-------+----------+-------------------------------------------
     0 | D:1      | funnyparkerb the Merfolk Monk began the quest for the Orb.
     0 | D:1      | Reached XP level 1. HP: 18/18 MP: 1/1
   417 | D:1      | Reached XP level 2. HP: 24/24 MP: 2/2
  1228 | D:2      | Reached skill level 5 in Long Blades
  1228 | D:2      | Reached XP level 3. HP: 29/29 MP: 3/3
  1240 | D:2      | Found a faded altar of an unknown god.
  1395 | D:2      | Reached XP level 4. HP: 18/35 MP: 4/4
  1670 | D:2      | Found a shadowy altar of Dithmenos.
  2551 | D:2      | Reached XP level 5. HP: 21/41 MP: 5/5
  3277 | D:4      | Found a glowing golden altar of the Shining One.
  3451 | D:4      | Reached skill level 1 in Armour
  3619 | D:4      | Found a runed translucent door.
  3620 | D:4      | Noticed Crazy Yiuf
  3629 | D:4      | Killed Crazy Yiuf
  3630 | D:4      | Reached XP level 6. HP: 35/48 MP: 6/6
  3788 | D:4      | Found an ornate altar of the Wu Jian Council.
  3788 | D:4      | Found a radiant altar of Vehumet.
  3788 | D:4      | Found a burning altar of Makhleb.
  3998 | D:4      | Reached skill level 4 in Fighting
  4072 | D:4      | Reached skill level 5 in Dodging
  4150 | D:4      | Reached XP level 7. HP: 54/54 MP: 7/7
  4463 | D:5      | Entered Level 5 of the Dungeon
  4463 | D:5      | You fall into a shaft and drop 2 floors!
  4718 | D:6      | Reached XP level 8. HP: 46/60 MP: 8/8
  4948 | D:6      | Noticed Dowan
  4948 | D:6      | Noticed Duvessa
  4953 | D:6      | Gained mutation: You are agile. (Dex +4, Str/Int -1)
                  | [potion of mutation]
  4953 | D:6      | Lost mutation: You are agile. (Dex +4, Str/Int -1) [potion
                  | of mutation]
  4953 | D:6      | Gained mutation: You have a beak for a mouth. [potion of
                  | mutation]
  4970 | D:6      | Killed Duvessa
  4971 | D:6      | Reached skill level 10 in Long Blades
  4991 | D:6      | Killed Dowan
  4992 | D:6      | Reached skill level 5 in Fighting
  4995 | D:6      | Noticed Eustachio
  4995 | D:6      | Noticed Sigmund
  4999 | D:6      | Killed Sigmund
  5000 | D:6      | Reached skill level 6 in Fighting
  5004 | D:6      | Killed Eustachio
  5166 | D:5      | Reached skill level 7 in Fighting
  5166 | D:5      | Reached XP level 9. HP: 72/72 MP: 9/9
  5294 | D:5      | Found a staircase to the Ecumenical Temple.
  5305 | Temple   | Entered the Ecumenical Temple
  5352 | D:5      | Reached skill level 8 in Fighting
  5355 | D:5      | Noticed Grinder
  5435 | D:2      | Prayed at the altar of an unknown god.
  5435 | D:2      | Became a worshipper of Jiyva Jaetugir the Shapeless
  5435 | D:2      | Reached * piety under Jiyva
  5435 | D:2      | Reached ** piety under Jiyva
  5498 | D:5      | Killed Grinder
  5528 | D:5      | Reached *** piety under Jiyva
  5544 | D:5      | Reached skill level 9 in Fighting
  5585 | D:5      | Lost mutation: You have a beak for a mouth. [Jiyva's grace]
  5585 | D:5      | Gained mutation: Your translucent skin slightly reduces
                  | your foes' accuracy. (Stealth+) [Jiyva's grace]
  5585 | D:5      | Gained mutation: Your translucent skin reduces your foes'
                  | accuracy. (Stealth+) [Jiyva's grace]
  5585 | D:5      | Gained mutation: Your transparent skin significantly
                  | reduces your foes' accuracy. (Stealth+) [Jiyva's grace]
  5585 | D:5      | Gained mutation: You are covered in slimy tendrils that may
                  | disarm your opponents. [Jiyva's grace]
  5717 | D:5      | Found an opulent altar of Gozag.
  5996 | D:6      | Found a stormy altar of Qazlal.
  6157 | D:6      | Noticed Prince Ribbit
  6173 | D:6      | Killed Prince Ribbit
  6680 | D:7      | Reached **** piety under Jiyva
  6756 | D:7      | Found a sacrificial altar of Ru.
  7389 | D:8      | Found a shadowy altar of Dithmenos.
  7566 | D:8      | Noticed a two-headed ogre
  7582 | D:8      | Killed a two-headed ogre
  7583 | D:8      | Reached XP level 10. HP: 81/83 MP: 10/10
  7673 | D:9      | Reached skill level 10 in Dodging
  7715 | D:8      | Noticed a gargoyle
  7721 | D:8      | Killed a gargoyle
  7852 | D:8      | Noticed a gargoyle
  7876 | D:8      | Killed a gargoyle
  7907 | D:8      | Noticed a gargoyle
  7919 | D:8      | Killed a gargoyle
  7948 | D:8      | Noticed a gargoyle
  7953 | D:8      | Killed a gargoyle
  7964 | D:8      | Noticed a gargoyle
  7968 | D:8      | Killed a gargoyle
  8052 | D:9      | Lost mutation: Your transparent skin significantly reduces
                  | your foes' accuracy. (Stealth+) [Jiyva's grace]
  8052 | D:9      | Lost mutation: You are covered in slimy tendrils that may
                  | disarm your opponents. [Jiyva's grace]
  8052 | D:9      | Gained mutation: You passively map a small area around you.
                  | [Jiyva's grace]
  8052 | D:9      | Gained mutation: You passively map the area around you.
                  | [Jiyva's grace]
  8052 | D:9      | Gained mutation: You passively map a large area around you.
                  | [Jiyva's grace]
  8052 | D:9      | Gained mutation: You expend magic power (3 MP) to
                  | strengthen your wands. [Jiyva's grace]
  8103 | D:8      | Reached XP level 11. HP: 89/89 MP: 11/11
  8106 | D:9      | Noticed a two-headed ogre
  8175 | D:8      | Killed a two-headed ogre
  8350 | D:9      | Found a staircase to the Orcish Mines.
  8371 | D:9      | Reached ***** piety under Jiyva
  8449 | D:9      | Found a staircase to the Lair.
  8472 | D:9      | Found a hide-covered altar of Uskayaw.
  8684 | D:10     | Entered Level 10 of the Dungeon
  8718 | D:10     | Reached skill level 5 in Armour
  8757 | D:10     | Reached skill level 10 in Fighting
  8881 | D:10     | Noticed a tengu warrior
  8892 | D:10     | Killed a tengu warrior
  8930 | D:10     | Reached skill level 11 in Fighting
  9013 | D:10     | Found an iron altar of Okawaru.
  9131 | D:10     | Found a broken altar of Ashenzari.
  9280 | D:10     | Gained mutation: Your system is resistant to poisons.
                  | (rPois) [Jiyva's grace]
  9280 | D:10     | Gained mutation: You have sharp fingernails. [Jiyva's
                  | grace]
  9280 | D:10     | Gained mutation: You have very sharp fingernails. [Jiyva's
                  | grace]
  9280 | D:10     | Gained mutation: You have claws for hands. [Jiyva's grace]
  9674 | D:10     | Reached skill level 12 in Fighting
  9713 | D:11     | Reached ****** piety under Jiyva
  9978 | Lair:1   | Entered Level 1 of the Lair of Beasts
 10315 | Lair:1   | Reached skill level 13 in Fighting
 10447 | Lair:1   | Reached XP level 12. HP: 100/105 MP: 12/12
 10819 | Lair:1   | Reached skill level 14 in Fighting
 11074 | Lair:2   | Lost mutation: You have claws for hands. [Jiyva's grace]
 11074 | Lair:2   | Lost mutation: You passively map a large area around you.
                  | [Jiyva's grace]
 11074 | Lair:2   | Gained mutation: You have a small jelly attached to you
                  | that senses nearby items. [Jiyva's grace]
 11074 | Lair:2   | Gained mutation: You are robust. (+10% HP) [Jiyva's grace]
 11074 | Lair:2   | Gained mutation: You are very robust. (+20% HP) [Jiyva's
                  | grace]
 11074 | Lair:2   | Gained mutation: You are extremely robust. (+30% HP)
                  | [Jiyva's grace]
 11098 | Lair:2   | Found a staircase to the Snake Pit.
 11631 | Lair:3   | Reached skill level 15 in Fighting
 11853 | Lair:3   | Reached skill level 16 in Fighting
 12122 | Lair:3   | Noticed an eight-headed hydra
 12138 | Lair:3   | HP: 7/144 [ten-headed hydra (7)]
 12138 | Lair:3   | Slain by a ten-headed hydra

Illustrated notes

Levels and vault maps discovered:
D:1:      dpeg_arrival_renting, layout_basic, minmay_misc_feat_x
D:2:      layout_basic, hellmonk_ecumenical_altar_slurped_away, basic_altar
D:3:      layout_rooms, serial_undead, serial_undead_b, serial_undead_e,
          serial_undead_d, serial_undead_f
D:4:      layout_loops_corners, nicolae_tso_besieged_by_evil,
          gammafunk_temple_overflow_claw, chequers_serial_rivers_micro_d,
          chequers_serial_rivers_micro_c, uniq_crazy_yiuf_cottage
D:5:      layout_cave_pools, kennysheep_little_box, minmay_temple_entry_hall,
          kennysheep_pointless_box, minmay_door_square, minmay_fountain_box,
          chequers_serial_rivers_room_a, uniq_grinder
D:6:      layout_rooms, nicolae_overflow_crystal_walls, grunt_decor_clamped,
          uniq_duvessa, uniq_eustachio, uniq_sigmund, uniq_prince_ribbit1
D:7:      layout_basic, nicolae_ru_path_of_blood
D:8:      cheibrodos_statue_roulette, layout_layer_cave,
          nicolae_dithmenos_shadow_blocks, minmay_misc_feat_tiny
D:9:      layout_long_grid, mainiacjoe_overflow_small_starburst,
          lair_entry_dummy, david_orc_2
D:10:     layout_irregular_city, mainiacjoe_overflow_alcove_4,
          nicolae_ashenzari_skybound, minmay_misc_feat_alley
D:11:     layout_cave_pools, minmay_misc_feat_nine_boxes
Temple:   hellmonk_temple_of_storms
Lair:1:   minmay_lair_venomous_thicket, layout_cave_pods,
          chequers_serial_rivers_marsh
Lair:2:   layout_concentric_octagons, minmay_snake_entry_guardpost_small,
          serial_bayou_shore_a, grunt_megastairs_1, serial_bayou_shore_b
Lair:3:   layout_roguey, minmay_shoals_entry_lonely_mermaid, basic_altar,
          eino_house_with_fridge

Skill      XL: |  1  2  3  4  5  6  7  8  9 10 11 12 |
---------------+-------------------------------------+-----
Long Blades    | 4 5 6 7 8 10 11 14 | 14.0
Armour         | 1 2 3 5 |  5.0
Fighting       | 4 7 9 13 16 | 16.2
Dodging        | 5 6 9 10 | 10.8
Stealth        | |  2.1

Action                   |  1- 3 |  4- 6 |  7- 9 | 10-12 || total
-------------------------+-------+-------+-------+-------++-------
Melee: Falchion          |    83 |   229 |   131 |       ||   443
       Punch             |     1 |     1 |     2 |    13 ||    17
       Tailslap          |       |     2 |       |       ||     2
       Long sword        |       |       |   154 |       ||   154
       Peck              |       |       |    25 |       ||    25
       Scimitar          |       |       |    41 |   677 ||   718
       Unarmed           |       |       |     4 |       ||     4
Throw: Dart              |       |       |       |     2 ||     2
Evoke: Wand              |       |       |    14 |     4 ||    18
  Use: Potion            |       |       |     3 |     3 ||     6
 Stab: Sleeping          |     7 |     6 |     6 |     9 ||    28
       Distracted        |       |       |     1 |       ||     1
Armor: Leather armour    |    22 |    32 |       |       ||    54
       Robe              |     2 |       |       |       ||     2
       Ring mail         |       |    47 |    95 |   200 ||   342
Dodge: Dodged            |    50 |   139 |   275 |   745 ||  1209
